 Dungeon Crawl Stone Soup version 0.15-a0-1579-gd26fec2 (webtiles) character file.

4624 Love the Conjurer (level 10, 0/50 HPs)
             Began as a Deep Elf Conjurer on June 19, 2014.
             Was an Elder of Vehumet.
             Slain by a troll (4 damage)
             ... on Level 9 of the Dungeon.
             The game lasted 00:48:59 (9149 turns).

Love the Conjurer (Deep Elf Conjurer)               Turns: 9149, Time: 00:48:59

HP   0/50        AC  9     Str 11      XL: 10   Next: 19%
MP  19/32        EV 11     Int 24      God: Vehumet [****..]
Gold 427         SH  0     Dex 15      Spells:  5 memorised, 17 levels left

rFire  + . .     SeeInvis .     d - +1 short sword
rCold  . . .     Clarity  .     t - +3 leather armour {rF+}
rNeg   . . .     rCorr    .     (no shield)
rPois  .         rRot     .     (no helmet)
rElec  .         Spirit   .     k - +0 cloak
SustAb .         Warding  .     m - +0 pair of gloves
rMut   .         Stasis   .     F - +0 pair of boots
Gourm  .                        i - amulet of faith
MR     +....                    (no ring)
                                h - +6 ring of strength

@: very slightly contaminated, somewhat resistant to hostile enchantments,
unstealthy
A: no striking features
a: Renounce Religion


You were on level 9 of the Dungeon.
You worshipped Vehumet.
Vehumet was greatly pleased with you.
You were not hungry.

You visited 2 branches of the dungeon, and saw 10 of its levels.

You collected 427 gold pieces.

Inventory:

Hand weapons
 d - a +1 short sword (weapon)
Armour
 k - a +0 cloak (worn)
 m - a +0 pair of gloves (worn)
 t - a +3 leather armour of fire resistance (worn)
 y - the +2 leather armour of Supple Strength {Slay+5}
   (You took it off an orc on level 5 of the Dungeon)

   It affects your accuracy and damage with ranged weapons and melee attacks
   (+5).
 F - a +0 pair of boots (worn)
Comestibles
 b - 5 bread rations
 p - a royal jelly
 z - 4 meat rations
 D - 2 fruits
Scrolls
 e - 5 scrolls of remove curse
 g - 2 scrolls of amnesia
 j - a scroll of vulnerability {unknown}
 o - 3 scrolls of fog
 u - a scroll of summoning {unknown}
 B - a scroll of blinking
 E - a scroll of enchant weapon
 G - a scroll of identify
 I - a scroll of recharging
 J - a scroll of immolation {unknown}
 L - a scroll of brand weapon {unknown}
Jewellery
 h - a +6 ring of strength (left hand)
 i - an amulet of faith (around neck)
 n - an uncursed amulet of stasis
 v - a +6 ring of intelligence {unknown}
 C - an uncursed amulet of guardian spirit
Potions
 a - a potion of berserk rage {unknown}
 f - a potion of invisibility {unknown}
 l - a potion of confusion {unknown}
 q - a potion of haste {unknown}
 r - 2 potions of restore abilities
 s - 4 potions of curing
 x - a potion of heal wounds
 A - a potion of mutation {unknown}
Books
 c - a book of Conjurations

   Spells                             Type                      Level
   *Magic Dart                        Conjuration                  1
   *Searing Ray                       Conjuration                  2
   Dazzling Spray                     Conjuration/Hexes            3
   Fulminant Prism                    Conjuration/Hexes            4
   Iskenderun's Mystic Blast          Conjuration                  4
   *Iskenderun's Battlesphere         Conjuration/Charms           5
 K - a book of Fire

   Spells                             Type                      Level
   Ignite Poison                      Fire/Transmutation           5
   *Fireball                          Conjuration/Fire             5
   Bolt of Fire                       Conjuration/Fire             6
   Delayed Fireball                   Conjuration/Fire             7
   Ring of Flames                     Charms/Fire                  7
 N - a book of Burglary

   Spells                             Type                      Level
   Swiftness                          Charms/Air                   2
   Passwall                           Transmutation/Earth          3
   Passage of Golubria                Translocation                4
   Lee's Rapid Deconstruction         Earth                        5
   Invisibility                       Hexes                        6
   Darkness                           Hexes                        7
Magical staves
 w - an uncursed staff of wizardry {unknown}


   Skills:
 - Level 2.4 Dodging
 - Level 2.4 Stealth
 + Level 11.1 Spellcasting
 - Level 12.0 Conjurations
 - Level 4.0 Charms
 + Level 6.2 Fire Magic


You had 17 spell levels left.
You knew the following spells:

 Your Spells              Type           Power        Failure   Level  Hunger
a - Magic Dart            Conj           ####         1%          1    None
b - Searing Ray           Conj           ######       1%          2    None
c - Iskenderun's Battles  Conj/Chrm      ######..     1%          5    ###....
d - Flame Tongue          Conj/Fire      #####        1%          1    None
e - Fireball              Conj/Fire      ######....   1%          5    ###....


Dungeon Overview and Level Annotations

Branches:
Dungeon (9/15)             Temple (1/1) D:4
    Orc: D:9-12        Lair: D:8-11

Altars:
Ashenzari
Cheibriados
Dithmenos
Elyvilon
Fedhas
Gozag
Kikubaaqudgha
Makhleb
Nemelex Xobeh
Okawaru
Qazlal
Sif Muna
Trog
Vehumet
Xom
Yredelemnul
Zin
The Shining One

Shops:
D:5 *   D:6 [

Annotations:
D:9 Psyche


Message History

The giant frog hits you!
You climb upwards.
Your battlesphere wavers and loses cohesion.
There is a stone staircase leading down here.
The giant frog hits you.
You climb downwards.
Level annotation: Psyche The troll bites you!
The troll claws you. The troll misses you.
The orc warrior hits you with a short sword.
The troll bites you.
* * * LOW HITPOINT WARNING * * *
The troll barely misses you. The troll completely misses you.
The orc warrior barely misses you.
There is a stone staircase leading up here.
You can't go down here!
The giant frog hits you but does no damage.
The troll bites you!
* * * LOW HITPOINT WARNING * * *
The troll claws you but does no damage. The troll claws you.
You die...

..$ .......#.
..........
.##..........
...............
................
.................
.........o.........
...........@F......#
D..........WT.......
#.............?..
#..............
#..<...........
.......F.o.........
......D(...[[....
...........[....
...>....(..[...


You could see a troll, a phantom, an orc warrior, a wyvern (wandering), 2 giant
frogs and an orc wizard.

Vanquished Creatures
  Erolcha (D:9)
  Pikel (D:6)
  The ghost of Money the Cleaver, an experienced MiGl (D:6)
  Eustachio (D:5)
  The ghost of Money the Insei, an average SpMo of Cheibriados (D:4)
  A hill giant skeleton (D:8)
  5 sky beasts
  4 slaves (D:6)
  3 ogres
  2 centaurs
  Duvessa (D:5)
  3 giant frogs (D:6)
  Blork the orc (D:8)
  5 scorpions
  4 wights
  3 killer bees (D:6)
  Dowan (D:5)
  4 hounds
  A giant frog zombie (D:8)
  3 orc priests
  A centaur skeleton (D:7)
  A jelly (D:7)
  Crazy Yiuf (D:5)
  2 crimson imps (D:7)
  2 iguanas
  Natasha (twice) (D:4)
  6 orc wizards
  3 worker ants
  A killer bee zombie (D:6)
  An ogre zombie (D:8)
  10 adders
  A scorpion zombie (D:7)
  2 big fish zombies (D:4)
  4 gnolls
  2 shadow imps
  2 giant mites
  2 worms
  An adder skeleton (D:8)
  An ooze (D:1)
  21 orcs
  A ball python (D:1)
  A bat zombie (D:5)
  4 giant cockroaches
  5 goblins
  16 hobgoblins
  20 jackals
  A quokka (D:8)
  15 bats
  6 giant geckos
  10 giant newts
  A hobgoblin zombie (D:7)
  17 kobolds
  2 kobold skeletons
  An orc skeleton (D:6)
  16 rats
  A rat zombie (D:8)
229 creatures vanquished.

Notes
Turn   | Place    | Note
--------------------------------------------------------------
     0 | D:1      | Love, the Deep Elf Conjurer, began the quest for the Orb.
     0 | D:1      | Reached XP level 1. HP: 10/10 MP: 5/5
   282 | D:1      | Reached XP level 2. HP: 15/15 MP: 6/8
   286 | D:1      | Learned a level 2 spell: Searing Ray
   455 | D:1      | Reached skill level 5 in Conjurations
   801 | D:1      | Reached XP level 3. HP: 19/19 MP: 5/11
  1671 | D:2      | Reached XP level 4. HP: 7/24 MP: 5/15
  1994 | D:2      | Reached skill level 6 in Conjurations
  2925 | D:3      | Reached XP level 5. HP: 28/28 MP: 13/18
  3003 | D:3      | Found a glowing silver altar of Zin.
  3003 | D:3      | Found a white marble altar of Elyvilon.
  3474 | D:3      | Reached skill level 7 in Conjurations
  3577 | D:3      | Reached XP level 6. HP: 32/32 MP: 15/20
  3933 | D:4      | Reached skill level 8 in Conjurations
  4113 | D:4      | Noticed Money's ghost (average SpMo)
  4120 | D:4      | Killed Money's ghost
  4120 | D:4      | Reached XP level 7. HP: 29/36 MP: 12/21
  4295 | D:4      | Found a basalt altar of Yredelemnul.
  4480 | D:4      | Reached skill level 9 in Conjurations
  4542 | D:4      | Learned a level 5 spell: Iskenderun's Battlesphere
  4578 | D:4      | Found a staircase to the Ecumenical Temple.
  4587 | Temple   | Entered the Ecumenical Temple
  4637 | Temple   | Became a worshipper of Vehumet
  4723 | D:4      | Reached skill level 1 in Charms
  4954 | D:4      | Noticed Natasha
  4957 | D:4      | Killed Natasha
  5102 | D:4      | Noticed Natasha
  5105 | D:4      | Killed Natasha
  5246 | D:5      | Entered Level 5 of the Dungeon
  5279 | D:5      | Noticed Duvessa
  5279 | D:5      | Noticed Dowan
  5283 | D:5      | Killed Duvessa
  5283 | D:5      | Reached skill level 10 in Conjurations
  5351 | D:5      | Killed Dowan
  5405 | D:5      | Noticed Crazy Yiuf
  5409 | D:5      | Killed Crazy Yiuf
  5409 | D:5      | Reached XP level 8. HP: 41/41 MP: 18/23
  5522 | D:5      | Acquired Vehumet's first power
  5522 | D:5      | Offered knowledge of Sandblast by Vehumet.
  5716 | D:5      | Found a deep blue altar of Sif Muna.
  5829 | D:5      | Found a shadowy altar of Dithmenos.
  5991 | D:5      | Reached skill level 5 in Spellcasting
  6101 | D:5      | Noticed Eustachio
  6112 | D:5      | Killed Eustachio
  6112 | D:5      | Reached skill level 11 in Conjurations
  6166 | D:5      | Found Stiamive's Off-Brand Ammunition.
  6361 | D:6      | Noticed Money's ghost (experienced MiGl)
  6617 | D:5      | Got a shimmering leather armour
  6774 | D:6      | Noticed Pikel
  6876 | D:6      | Reached XP level 9. HP: 45/45 MP: 19/29
  6929 | D:6      | Killed Pikel
  6929 | D:6      | Reached skill level 10 in Spellcasting
  7022 | D:6      | Offered knowledge of Flame Tongue by Vehumet.
  7037 | D:6      | Learned a level 1 spell: Flame Tongue
  7145 | D:6      | Reached skill level 1 in Fire Magic
  7220 | D:6      | Found Crogitobro's Antique Armour Shoppe.
  7242 | D:6      | Killed Money's ghost
  7350 | D:6      | Found a sparkling altar of Nemelex Xobeh.
  7374 | D:6      | Identified the +2 leather armour of Supple Strength {Slay+5} (You took it off an orc on level 5 of the Dungeon)
  7628 | D:7      | Offered knowledge of Throw Frost by Vehumet.
  8004 | D:7      | Acquired Vehumet's second power
  8239 | D:8      | Reached skill level 12 in Conjurations
  8252 | D:8      | Found a shattered altar of Ashenzari.
  8338 | D:8      | Reached skill level 5 in Fire Magic
  8403 | D:8      | Offered knowledge of Stone Arrow by Vehumet.
  8424 | D:8      | Learned a level 5 spell: Fireball
  8624 | D:8      | Reached XP level 10. HP: 50/50 MP: 23/31
  8888 | D:9      | Noticed Psyche
  8952 | D:9      | Acquired Vehumet's third power
  8954 | D:9      | Noticed Erolcha
  8958 | D:9      | Killed Erolcha
  8961 | D:8      | Noticed Blork the orc
  8964 | D:8      | Killed Blork the orc
  9149 | D:9      | Slain by a troll

Action                   |  1- 3 |  4- 6 |  7- 9 | 10-12 || total
-------------------------+-------+-------+-------+-------++-------
Melee: Short sword       |       |       |     2 |       ||     2
 Cast: Magic Dart        |    64 |    94 |   190 |    12 ||   360
       Searing Ray       |     5 |    17 |    44 |     1 ||    67
       Iskenderun's Batt |       |       |    36 |     4 ||    40
       Fireball          |       |       |     5 |     7 ||    12
  Use: Scroll            |     2 |    10 |     1 |     1 ||    14
       Potion            |       |     7 |     1 |       ||     8
